 Dungeon Crawl Stone Soup version 0.24.0-13-gcf9b319 (webtiles) character file.

Game seed: 12231679553799602505, levelgen mode: deterministic

1718 Bob6969 the Cudgeler (level 8, -5/79 HPs)
             Began as a Troll Berserker on Mar 21, 2020.
             Was an Elder of Trog.
             Slain by Joseph
             ... wielding a +2 quarterstaff of crushing
              (11 damage)
             ... on level 7 of the Dungeon.
             The game lasted 00:33:28 (5379 turns).

Bob6969 the Cudgeler (Troll Berserker)              Turns: 5379, Time: 00:33:31

Health: -5/79      AC: 11    Str: 28    XL:     8   Next: 75%
Magic:  7/7        EV: 12    Int:  3    God:    Trog [****..]
Gold:   357        SH:  0    Dex: 11    Spells: 7/7 levels left

rFire    . . .     SeeInvis +   o - +2 flail (protect)
rCold    . . .     Gourm    +   (no shield)
rNeg     . . .     Faith    .   c - +0 robe
rPois    .         Spirit   .   (helmet restricted)
rElec    .         Reflect  .   (no cloak)
rCorr    .         Harm     .   (gloves unavailable)
MR       ++...                  (boots unavailable)
Stlth    ++........             (no amulet)
HPRegen  1.63/turn              i - ring of see invisible
MPRegen  0.10/turn              m - +3 ring of protection

@: regenerating
A: large, unfitting armour, claws 3, thin metallic scales 1, agile 1, fast
metabolism 3, gourmand, regeneration 1, shaggy fur 1, tough skin 3
a: Berserk, Trog's Hand, Brothers in Arms, Renounce Religion


You were on level 7 of the Dungeon.
You worshipped Trog.
Trog was greatly pleased with you.
You were not hungry.

You visited 1 branch of the dungeon, and saw 7 of its levels.
You also visited: Sewer and Ossuary.

You collected 357 gold pieces.

Inventory:

Hand Weapons
 h - a +0 dagger of venom
 o - a +2 flail of protection (weapon)
Missiles
 d - 313 stones (quivered)
Armour
 c - a +0 robe (worn)
Jewellery
 i - a ring of see invisible (left claw)
 j - an uncursed ring of wizardry
 m - a +3 ring of protection (right claw)
 q - an uncursed ring of flight
Wands
 l - a wand of iceblast (8)
Scrolls
 e - 3 scrolls of identify
 g - 6 scrolls of teleportation
 k - 2 scrolls of immolation
 p - a scroll of enchant weapon
 t - a scroll of remove curse
 u - a scroll of fear {unknown}
 v - a scroll of blinking {unknown}
Potions
 a - a potion of agility
 f - 7 potions of curing
 n - 4 potions of invisibility
 r - 2 potions of flight
Comestibles
 b - 9 rations


   Skills:
 + Level 4.8 Fighting
 + Level 0.8 Short Blades
 + Level 6.9 Maces & Flails
 + Level 5.1 Dodging
 + Level 1.3 Stealth
 + Level 3.5 Unarmed Combat
 + Level 0.1 Evocations


You had 7 spell levels left.
You didn't know any spells.
Your spell library was empty.

Dungeon Overview and Level Annotations

Branches:
Dungeon (7/15)             Temple (0/1) D:4           Sewer (visited)
Ossuary (visited)

Altars:
Dithmenos
Fedhas
Hepliaklqana
Kikubaaqudgha
Makhleb
Nemelex Xobeh
Okawaru
Qazlal
Ru
Trog
Zin
The Shining One

Annotations:
D:7 Joseph


Innate Abilities, Weirdness & Mutations

You are too large for most types of armour.
You have claws for hands.
Your metabolism is lightning-fast.
You like to eat raw meat.
Your natural rate of healing is unusually fast.
You are covered in fur. (AC +1)
You have extremely tough skin. (AC +3)
You are partially covered in thin metallic scales. (AC +2)
You are agile. (Dex +2)


Message History

The hippogriff completely misses you. The hound bites you but does no damage.
Joseph unwields a +0 hunting sling.
Joseph wields a +2 quarterstaff of crushing.
Joseph hits you with a +2 quarterstaff of crushing!!
* * * LOW HITPOINT WARNING * * *
x2 The bullfrog closely misses you.
An ice beast comes into view.
Your skin crawls.
You feel resistant to hostile enchantments.
You feel somewhat more hungry. The hound bites you but does no damage.
The centaur unwields a +0 shortbow.
The centaur hits you.
* * * LOW HITPOINT WARNING * * *
The bullfrog hits you.
* * * LOW HITPOINT WARNING * * *
The hippogriff bites you but does no damage.
The hippogriff pecks you but does no damage.
The hippogriff claws you.
* * * LOW HITPOINT WARNING * * *
Joseph hits you with a +2 quarterstaff of crushing!
You die...

#.....#[....##
#.............##
#......)........#
................#
..............(.####
...................##
...........$.o..$...##
.........(...hHc.....#
............ZF@.?....#
.............@.......#
....!.....#.........##
...####......#........
...####....%.#.......#
.......))...(#.......Y
.../...).)..(.........
......#)<..#####......
......#)#.....#


You could see Joseph, a hippogriff, an ice beast, a bullfrog, a centaur, a
hound, an orc and a bullfrog skeleton.

Vanquished Creatures
  2 ice beasts (D:5)
  An orc warrior (D:6)
  3 phantoms
  A centaur (D:6)
  2 big kobolds
  A bullfrog (D:6)
  An elf zombie (Ossuary)
  A scorpion (D:6)
  A howler monkey (D:4)
  A crimson imp (D:5)
  A centaur zombie (Ossuary)
  An orc priest (D:6)
  2 hounds (D:6)
  3 orc wizards
  A human zombie (Ossuary)
  An iguana (D:3)
  A worker ant (D:5)
  2 big kobold zombies (Ossuary)
  A hound zombie (D:6)
  A hound skeleton (D:5)
  2 mummies (Ossuary)
  7 gnolls
  A river rat (Sewer)
  9 adders
  A shadow imp (D:6)
  An adder zombie (Ossuary)
  An adder skeleton (D:4)
  2 worms
  2 dart slugs
  5 leopard geckos
  21 orcs
  6 bats
  6 giant cockroaches
  8 goblins (D:2)
  7 hobgoblins
  8 jackals
  17 kobolds
  2 quokkas
  4 frilled lizards
  A goblin zombie (Ossuary)
  4 hobgoblin zombies (Ossuary)
  2 jackal zombies (Ossuary)
  12 kobold zombies (Ossuary)
  11 orc zombies (Ossuary)
  A quokka skeleton (D:5)
  10 rats
  A rat zombie (Ossuary)
180 creatures vanquished.

Vanquished Creatures (collateral kills)
  A leopard gecko (D:7)
1 creature vanquished.

Grand Total: 181 creatures vanquished

Notes
Turn   | Place    | Note
-------+----------+-------------------------------------------
     0 | D:1      | Bob6969 the Troll Berserker began the quest for the Orb.
     0 | D:1      | Reached XP level 1. HP: 22/22 MP: 0/0
   134 | D:1      | Reached XP level 2. HP: 27/29 MP: 1/1
   669 | D:2      | Reached XP level 3. HP: 32/37 MP: 2/2
   813 | D:2      | Reached ** piety under Trog
   820 | D:2      | Reached skill level 1 in Maces & Flails
   909 | D:2      | Gained mutation: You are partially covered in thin metallic
                  | scales. (AC +2) [potion of mutation]
   909 | D:2      | Gained mutation: You are agile. (Dex +2) [potion of
                  | mutation]
   968 | D:2      | Reached XP level 4. HP: 45/45 MP: 3/3
  1737 | D:3      | Reached XP level 5. HP: 53/53 MP: 4/4
  1864 | D:3      | Reached skill level 2 in Maces & Flails
  2141 | D:4      | Found a staircase to the Ecumenical Temple.
  2200 | D:4      | Found a bloodstained altar of Trog.
  2271 | D:4      | Noticed a phantom
  2293 | D:4      | Killed a phantom
  2293 | D:4      | Reached XP level 6. HP: 45/61 MP: 5/5
  2348 | D:4      | Found a sand-covered staircase.
  2353 | Ossuary  | Entered an ossuary
  2405 | Ossuary  | Reached *** piety under Trog
  2514 | Ossuary  | Reached skill level 3 in Maces & Flails
  2723 | D:4      | Reached skill level 4 in Maces & Flails
  2723 | D:4      | Reached XP level 7. HP: 68/68 MP: 6/6
  2921 | D:4      | Found a blossoming altar of Fedhas.
  3334 | D:5      | Entered Level 5 of the Dungeon
  3416 | D:5      | Reached **** piety under Trog
  3419 | D:5      | Found a sparkling altar of Nemelex Xobeh.
  3498 | D:5      | Found a glowing drain.
  3536 | Sewer    | Entered a sewer
  3665 | Sewer    | Found a white marble altar of Elyvilon.
  3895 | D:5      | Reached skill level 5 in Maces & Flails
  4358 | D:6      | Reached skill level 1 in Stealth
  4358 | D:6      | Reached XP level 8. HP: 74/78 MP: 7/7
  4607 | D:6      | Found a shadowy altar of Dithmenos.
  4624 | D:6      | Reached skill level 6 in Maces & Flails
  4695 | D:6      | Found a burning altar of Makhleb.
  4695 | D:6      | Found a hazy altar of Hepliaklqana.
  4695 | D:6      | Found a glowing silver altar of Zin.
  4919 | D:6      | Reached skill level 5 in Dodging
  4941 | D:6      | Found a stormy altar of Qazlal.
  4955 | D:6      | Found an iron altar of Okawaru.
  4956 | D:6      | Found an ancient bone altar of Kikubaaqudgha.
  4957 | D:6      | Found a bloodstained altar of Trog.
  4959 | D:6      | Found a glowing golden altar of the Shining One.
  4961 | D:6      | Found a sacrificial altar of Ru.
  5111 | D:6      | Reached ***** piety under Trog
  5346 | D:7      | Noticed a hippogriff
  5357 | D:7      | Noticed Joseph
  5379 | D:7      | Slain by Joseph

Levels and vault maps discovered:
D:1:      lightli_arrival_chessboard, layout_basic, item_on_display_a
D:2:      layout_loops_cross, kennysheep_generic_room_15
D:3:      layout_rooms, minmay_misc_feat_pillars
D:4:      layout_loops_cross, overflow_temple_1_default,
          minmay_temple_entry_stoned_glass, first_ration, enter_ossuary_2,
          trog_book
D:5:      layout_loops_cross, gup_sewer_entry_glass, basic_altar
D:6:      layout_cave_pods, minitemple, grunt_temple_overflow_open,
          grunt_dithmenos_shadows
D:7:      layout_rooms, serial_shops, shop_fountains, uniq_joseph

Skill      XL: |  1  2  3  4  5  6  7  8 |
---------------+-------------------------+-----
Fighting       | 3 4 |  4.8
Maces & Flails | 1 2 4 5 6 |  6.9
Dodging        | 3 4 5 |  5.1
Stealth        | 1 |  1.3
Short Blades   | |  0.8
Unarmed Combat | |  3.5
Evocations     | |  0.1

Action                   |  1- 3 |  4- 6 |  7- 9 || total
-------------------------+-------+-------+-------++-------
Melee: Unarmed           |    16 |       |       ||    16
       Club              |   126 |    26 |       ||   152
       Dagger            |       |    62 |       ||    62
       Punch             |       |     8 |     5 ||    13
       Flail             |       |   159 |   240 ||   399
Invok: Berserk           |     3 |     5 |     6 ||    14
       Trog's Hand       |       |       |     3 ||     3
       Brothers in Arms  |       |       |     1 ||     1
 Abil: Evoke Flight      |       |       |     1 ||     1
Evoke: Wand              |       |       |     1 ||     1
  Use: Potion            |     3 |     2 |     3 ||     8
       Scroll            |     1 |     6 |     3 ||    10
 Stab: Sleeping          |       |     1 |     1 ||     2
  Eat: Chunk             |    10 |    22 |    24 ||    56
       Ration            |     1 |       |     2 ||     3
Armor: Robe              |   102 |   136 |   210 ||   448
Dodge: Dodged            |   123 |   171 |   258 ||   552
